SR
QUEBEC CITY BABY BLUES @ BETHLEHEM ANGEL KITTIES
08/23/2042
 
TOP OF THE 1ST
Quebec City Baby Blues batting - Pitching for Bethlehem Angel Kitties : RHP Gérard Pinault
Pitching: RHP Gérard Pinault
Batting: RHB António Orozco 0-0: Ball
1-0: SINGLE (Line Drive, 8LS, EV 111.2 MPH)
Batting: RHB Marcus Pattinson 0-0: Called Strike
0-1: Swinging Strike
0-2: Strikes out swinging
Batting: SHB Ronald Dacanay 0-0: Ball
1-0: Ball
2-0: Called Strike
2-1: Ball
António Orozco is caught stealing 2nd base 2-6
3-1: Fly out, F9 (Line Drive, 9, EV 91.9 MPH)
Top of the 1st over - 0 runs, 1 hit, 0 errors, 0 left on base; Quebec City 0 - Bethlehem 0
BOTTOM OF THE 1ST
Bethlehem Angel Kitties batting - Pitching for Quebec City Baby Blues : LHP Hyung-gook Chong
Pitching: LHP Hyung-gook Chong
Batting: LHB Tse-peng Yei 0-0: Called Strike
0-1: Ball
1-1: Bunt missed!
1-2: Reached on error, E9 (Flyball, 9LS, EV 89.4 MPH)
Batting: RHB Robbie McClellan 0-0: Ball
1-0: Ball
2-0: Called Strike
2-1: Grounds into double play, 6-4-3 (Groundball, 6, EV 103.1 MPH)
Batting: RHB Hwui-ning Chen 0-0: Foul Ball, location: 2F
0-1: Foul Ball, location: 2F
0-2: Foul Ball, location: 2F
0-2: Ball
1-2: SINGLE (Groundball, 4MD, EV 99.4 MPH)
Batting: LHB Cam Nicholson 0-0: Ball
1-0: Swinging Strike
1-1: Ball
2-1: Ball
3-1: Foul Ball, location: 2F
3-2: Base on Balls
Hwui-ning Chen to second
Batting: RHB Martín Espinoza 0-0: Called Strike
0-1: Fielders Choice at 2nd, 5-4 (Groundball, 56, EV 83.1 MPH)
Bottom of the 1st over - 0 runs, 1 hit, 1 error, 2 left on base; Quebec City 0 - Bethlehem 0
TOP OF THE 2ND
Quebec City Baby Blues batting - Pitching for Bethlehem Angel Kitties : RHP Gérard Pinault
Batting: RHB Emílio Soto 0-0: Ball
1-0: Called Strike
1-1: Swinging Strike
1-2: Strikes out swinging
Batting: RHB Gregory Jones 0-0: Called Strike
0-1: Called Strike
0-2: Ball
1-2: Strikes out swinging
Batting: RHB Luc Leroux 0-0: Ball
1-0: Called Strike
1-1: Ball
2-1: Ground out 3-1 (Groundball, 34, EV 90.6 MPH)
Top of the 2nd over - 0 runs, 0 hits, 0 errors, 0 left on base; Quebec City 0 - Bethlehem 0
BOTTOM OF THE 2ND
Bethlehem Angel Kitties batting - Pitching for Quebec City Baby Blues : LHP Hyung-gook Chong
Batting: RHB Kent Fowler 0-0: Foul Ball, location: 2F
0-1: Ball
1-1: Ball
2-1: Foul Ball, location: 2F
2-2: Ball
3-2: SINGLE (Groundball, 6MD, EV 105.0 MPH)
Batting: RHB Juan Oreta 0-0: SINGLE (Groundball, 34D, EV 96.2 MPH)
Kent Fowler to second
Runner from 2nd tries for 3rd, SAFE, throw by RF made to third
Batting: RHB Brody King Pickoff Throw to First - Error! E1
Kent Fowler scores
Juan Oreta to second
0-0: Swinging Strike
0-1: Fly out, F7 (Flyball, 7, EV 91.9 MPH)
Batting: RHB Wyatt Shepherd 0-0: Ball
1-0: Called Strike
1-1: Ball
2-1: Ball
3-1: Ground out 3-1 (Groundball, 34, EV 78.8 MPH)
Juan Oreta to third
Batting: LHB Tse-peng Yei 0-0: Ball
1-0: Ball
2-0: 2-RUN HOME RUN (Flyball, 9D, EV 98.8 MPH), Distance : 352 ft
Batting: RHB Robbie McClellan 0-0: Ball
1-0: Foul Ball, location: 2F
1-1: Ball
2-1: Ball
3-1: Foul Ball, location: 2F
3-2: Ground out 5-3 (Groundball, 56S, EV 90.6 MPH)
Bottom of the 2nd over - 3 runs, 3 hits, 1 error, 0 left on base; Quebec City 0 - Bethlehem 3
TOP OF THE 3RD
Quebec City Baby Blues batting - Pitching for Bethlehem Angel Kitties : RHP Gérard Pinault
Batting: SHB Chet Davis 0-0: Ball
1-0: Called Strike
1-1: Ball
2-1: Ball
3-1: SINGLE (Line Drive, 78S, EV 93.1 MPH)
Batting: RHB Chris Sanders 0-0: Ball
1-0: Ball
2-0: Called Strike
2-1: Fly out, F9 (Flyball, 9LM, EV 91.2 MPH)
Batting: LHB Ricardo Hernández 0-0: Ball
1-0: Called Strike
1-1: Ball
2-1: Fly out, F7 (Flyball, 7, EV 93.8 MPH)
Batting: RHB António Orozco 0-0: Called Strike
0-1: Called Strike
0-2: Foul Ball, location: 2F
0-2: Ball
1-2: Foul Ball, location: 2F
1-2: Strikes out swinging
Top of the 3rd over - 0 runs, 1 hit, 0 errors, 1 left on base; Quebec City 0 - Bethlehem 3
BOTTOM OF THE 3RD
Bethlehem Angel Kitties batting - Pitching for Quebec City Baby Blues : LHP Hyung-gook Chong
Batting: RHB Hwui-ning Chen 0-0: Ball
1-0: Foul Ball, location: 2F
1-1: Ball
2-1: Fly out, F8 (Flyball, 89M, EV 89.4 MPH)
Batting: LHB Cam Nicholson 0-0: Called Strike
0-1: Ball
1-1: Fly out, F8 (Line Drive, 8LM, EV 99.4 MPH)
Batting: RHB Martín Espinoza 0-0: Foul Ball, location: 2F
0-1: Reached on error, E5 (Groundball, 56S, EV 86.2 MPH)
Batting: RHB Kent Fowler 0-0: Foul Ball, location: 2F
0-1: Ball
1-1: Ball
Wild Pitch!
Martín Espinoza to second
2-1: Called Strike
2-2: Fly out, F8 (Flyball, 78XD, EV 83.8 MPH)
Bottom of the 3rd over - 0 runs, 0 hits, 1 error, 1 left on base; Quebec City 0 - Bethlehem 3
TOP OF THE 4TH
Quebec City Baby Blues batting - Pitching for Bethlehem Angel Kitties : RHP Gérard Pinault
Batting: RHB Marcus Pattinson 0-0: Fly out, F8 (Flyball, 8RD, EV 100.6 MPH)
Batting: SHB Ronald Dacanay 0-0: Called Strike
0-1: SINGLE (Line Drive, 78S, EV 88.1 MPH)
Batting: RHB Emílio Soto 0-0: Ball
1-0: Ball
2-0: Ball
3-0: Called Strike
3-1: Foul Ball, location: 2F
3-2: Foul Ball, location: 2F
3-2: Foul Ball, location: 2F
3-2: 2-RUN HOME RUN (Flyball, 78XD, EV 88.8 MPH), Distance : 413 ft
Batting: RHB Gregory Jones 0-0: Ball
1-0: Ball
2-0: SINGLE (Groundball, 6MD, EV 103.1 MPH)
Batting: RHB Luc Leroux 0-0: Swinging Strike
0-1: Foul Ball, location: 2F
0-2: Foul Ball, location: 2F
0-2: Foul Ball, location: 2F
0-2: Foul Ball, location: 2F
0-2: Foul Ball, location: 2F
0-2: Ball
1-2: Ball
2-2: TRIPLE (Line Drive, 7D, EV 95.6 MPH)
Gregory Jones scores
Batting: SHB Chet Davis 0-0: Called Strike
0-1: Ball
1-1: SINGLE (Flyball, 9LM, EV 91.2 MPH)
Luc Leroux scores
Batting: RHB Chris Sanders 0-0: Called Strike
0-1: Called Strike
0-2: Strikes out swinging
Batting: LHB Ricardo Hernández 0-0: Called Strike
0-1: Foul Ball, location: 2F
0-2: Ball
1-2: Foul Ball, location: 2F
1-2: SINGLE (Line Drive, 6MD, EV 97.5 MPH)
Chet Davis to second
Batting: RHB António Orozco 0-0: Ball
1-0: Swinging Strike
1-1: Ball
2-1: Fly out, F9 (Flyball, 89D, EV 73.8 MPH)
Top of the 4th over - 4 runs, 6 hits, 0 errors, 2 left on base; Quebec City 4 - Bethlehem 3
BOTTOM OF THE 4TH
Bethlehem Angel Kitties batting - Pitching for Quebec City Baby Blues : LHP Hyung-gook Chong
Batting: RHB Juan Oreta 0-0: Called Strike
0-1: Ball
1-1: Swinging Strike
1-2: Foul Ball, location: 2F
1-2: Ball
2-2: Strikes out swinging
Pitching: RHP Hahn Hartwig
Batting: RHB Brody King 0-0: Ball
1-0: Ball
2-0: Ball
3-0: Swinging Strike
3-1: Base on Balls
Batting: RHB Wyatt Shepherd 0-0: Called Strike
0-1: Ball
Brody King is caught stealing 2nd base 2-4
1-1: Ball
2-1: Foul Ball, location: 2F
2-2: Strikes out swinging
Bottom of the 4th over - 0 runs, 0 hits, 0 errors, 0 left on base; Quebec City 4 - Bethlehem 3
TOP OF THE 5TH
Quebec City Baby Blues batting - Pitching for Bethlehem Angel Kitties : RHP Gérard Pinault
Batting: RHB Marcus Pattinson 0-0: Ball
1-0: Ball
2-0: Ground out 5-3 (Groundball, 5, EV 85.0 MPH)
Batting: SHB Ronald Dacanay 0-0: Ball
1-0: Ball
2-0: Called Strike
2-1: Foul Ball, location: 2F
2-2: Ground out U3 (Groundball, 3, EV 91.2 MPH)
Batting: RHB Emílio Soto 0-0: Ball
1-0: Foul Ball, location: 2F
1-1: Fly out, F9 (Line Drive, 9, EV 90.0 MPH)
Top of the 5th over - 0 runs, 0 hits, 0 errors, 0 left on base; Quebec City 4 - Bethlehem 3
BOTTOM OF THE 5TH
Bethlehem Angel Kitties batting - Pitching for Quebec City Baby Blues : RHP Hahn Hartwig
Batting: LHB Tse-peng Yei 0-0: Foul Ball, location: 2F
0-1: Swinging Strike
0-2: Foul Ball, location: 2F
0-2: Ball
1-2: Ball
2-2: Strikes out looking
Batting: RHB Robbie McClellan 0-0: Ball
1-0: Ball
2-0: Ball
3-0: Called Strike
3-1: Swinging Strike
3-2: Foul Ball, location: 2F
3-2: Strikes out swinging
Batting: RHB Hwui-ning Chen 0-0: Called Strike
0-1: Ball
1-1: Foul Ball, location: 2F
1-2: Ball
2-2: Foul Ball, location: 2F
2-2: Strikes out swinging
Bottom of the 5th over - 0 runs, 0 hits, 0 errors, 0 left on base; Quebec City 4 - Bethlehem 3
TOP OF THE 6TH
Quebec City Baby Blues batting - Pitching for Bethlehem Angel Kitties : RHP Gérard Pinault
Batting: RHB Gregory Jones 0-0: Ball
1-0: Ball
2-0: Foul Ball, location: 2F
2-1: Fly out, F9 (Flyball, 89M, EV 89.4 MPH)
Pitching: RHP Nolan Robert
Batting: RHB Luc Leroux 0-0: Ball
1-0: Called Strike
1-1: Ball
2-1: SINGLE (Flyball, 9LS, EV 92.5 MPH)
Batting: SHB Chet Davis 0-0: Called Strike
0-1: Swinging Strike
0-2: Foul Ball, location: 2F
0-2: Ball
1-2: Ball
2-2: Strikes out looking
Pitching: LHP Lando de Ruijter
Batting: RHB Chris Sanders 0-0: Called Strike
0-1: Ball
1-1: Foul Ball, location: 2F
1-2: Ball
2-2: Foul Ball, location: 2F
2-2: Fly out, F7 (Line Drive, 7D, EV 92.5 MPH)
Top of the 6th over - 0 runs, 1 hit, 0 errors, 1 left on base; Quebec City 4 - Bethlehem 3
BOTTOM OF THE 6TH
Bethlehem Angel Kitties batting - Pitching for Quebec City Baby Blues : RHP Hahn Hartwig
Batting: LHB Cam Nicholson 0-0: Called Strike
0-1: Called Strike
0-2: Foul Ball, location: 2F
0-2: Ball
1-2: Ground out 4-3 (Groundball, 4M, EV 86.2 MPH)
Batting: RHB Martín Espinoza 0-0: Ground out 5-3 (Groundball, 56S, EV 61.2 MPH)
Batting: RHB Kent Fowler 0-0: Ball
1-0: Called Strike
1-1: Ground out 6-3 (Groundball, 6MS, EV 71.2 MPH)
Bottom of the 6th over - 0 runs, 0 hits, 0 errors, 0 left on base; Quebec City 4 - Bethlehem 3
TOP OF THE 7TH
Quebec City Baby Blues batting - Pitching for Bethlehem Angel Kitties : LHP Lando de Ruijter
Batting: LHB Ricardo Hernández 0-0: Ground out 4-3 (Groundball, 4, EV 84.4 MPH)
Batting: RHB António Orozco 0-0: Called Strike
0-1: Foul Ball, location: 2F
0-2: Ball
1-2: Ball
2-2: Fly out, F5 (Popup, 5F, EV 75.0 MPH)
Batting: RHB Marcus Pattinson 0-0: Ball
1-0: Foul Ball, location: 2F
1-1: Fly out, F8 (Line Drive, 8RM, EV 99.4 MPH)
Top of the 7th over - 0 runs, 0 hits, 0 errors, 0 left on base; Quebec City 4 - Bethlehem 3
BOTTOM OF THE 7TH
Bethlehem Angel Kitties batting - Pitching for Quebec City Baby Blues : RHP Hahn Hartwig
Batting: RHB Juan Oreta 0-0: Foul Ball, location: 2F
0-1: Ball
1-1: Ball
2-1: Ground out 1-3 (Groundball, 13S, EV 60.6 MPH)
Batting: RHB Brody King 0-0: Ball
1-0: Swinging Strike
1-1: Swinging Strike
1-2: DOUBLE (Line Drive, 9LM, EV 95.6 MPH)
Pitching: RHP Brad Walsh
Batting: RHB Wyatt Shepherd 0-0: Called Strike
0-1: Fly out, F9 (Flyball, 89S, EV 88.8 MPH)
Batting: LHB Tse-peng Yei 0-0: Ball
1-0: Ball
2-0: Called Strike
2-1: Ground out 6-3 (Groundball, 6, EV 81.9 MPH)
Bottom of the 7th over - 0 runs, 1 hit, 0 errors, 1 left on base; Quebec City 4 - Bethlehem 3
TOP OF THE 8TH
Quebec City Baby Blues batting - Pitching for Bethlehem Angel Kitties : LHP Lando de Ruijter
Batting: SHB Ronald Dacanay 0-0: Called Strike
0-1: Swinging Strike
0-2: Ball
1-2: Ball
2-2: Strikes out looking
Batting: RHB Emílio Soto 0-0: SOLO HOME RUN (Flyball, 9D, EV 98.8 MPH), Distance : 368 ft
Batting: RHB Gregory Jones 0-0: SINGLE (Groundball, 56D, EV 98.1 MPH)
Batting: RHB Luc Leroux 0-0: Called Strike
0-1: Called Strike
0-2: Ball
1-2: Strikes out swinging
Batting: SHB Chet Davis 0-0: Ball
1-0: Ground out 5-3 (Groundball, 5S, EV 86.9 MPH)
Top of the 8th over - 1 run, 2 hits, 0 errors, 1 left on base; Quebec City 5 - Bethlehem 3
BOTTOM OF THE 8TH
Bethlehem Angel Kitties batting - Pitching for Quebec City Baby Blues : RHP Brad Walsh
Batting: RHB Robbie McClellan 0-0: Foul Ball, location: 2F
0-1: Ground out 5-3 (Groundball, 56, EV 106.2 MPH)
Batting: RHB Hwui-ning Chen 0-0: Ball
1-0: Foul Ball, location: 2F
1-1: Ball
2-1: DOUBLE (Line Drive, 8LXD, EV 108.8 MPH)
Batting: LHB Cam Nicholson 0-0: Ball
1-0: Called Strike
1-1: Ground out U3 (Groundball, 3L, EV 101.9 MPH)
Hwui-ning Chen to third
Batting: RHB Martín Espinoza 0-0: Ball
1-0: SINGLE (Groundball, 6D, EV 94.4 MPH)
Hwui-ning Chen scores
Pitching: RHP Arlen Mata
Pinch Hitting: RHB Dieter de Jong 0-0: Foul Ball, location: 2F
0-1: Ball
1-1: Foul Ball, location: 2F
1-2: Ball
2-2: Strikes out looking
Bottom of the 8th over - 1 run, 2 hits, 0 errors, 1 left on base; Quebec City 5 - Bethlehem 4
TOP OF THE 9TH
Quebec City Baby Blues batting - Pitching for Bethlehem Angel Kitties : LHP Lando de Ruijter
Now at C: Jay Dowling
Batting: RHB Chris Sanders 0-0: Foul Ball, location: 2F
0-1: Swinging Strike
0-2: DOUBLE (Flyball, 8LXD, EV 91.2 MPH) - OUT at third base trying to stretch hit.
Batting: LHB Ricardo Hernández 0-0: Called Strike
0-1: Fly out, F6 (Popup, 4M, EV 53.8 MPH)
Batting: RHB António Orozco 0-0: Called Strike
0-1: SINGLE (Groundball, 34, EV 103.1 MPH) (infield hit)
Batting: RHB Marcus Pattinson 0-0: Fly out, F9 (Flyball, 89M, EV 88.8 MPH)
Top of the 9th over - 0 runs, 2 hits, 0 errors, 1 left on base; Quebec City 5 - Bethlehem 4
BOTTOM OF THE 9TH
Bethlehem Angel Kitties batting - Pitching for Quebec City Baby Blues : RHP Arlen Mata
Pitching: RHP William Pettersen
Pinch Hitting: RHB Christian L'Écuyer 0-0: Foul Ball, location: 2F
0-1: Ball
1-1: Fly out, F7 (Flyball, 7S, EV 88.8 MPH)
Pinch Hitting: SHB Toshiaki Watanabe 0-0: Ball
1-0: Ball
2-0: Called Strike
2-1: SINGLE (Line Drive, 7S, EV 95.6 MPH)
Batting: RHB Wyatt Shepherd 0-0: Fly out, F7 (Line Drive, 7, EV 86.2 MPH)
Batting: LHB Tse-peng Yei 0-0: Foul Ball, location: 2F
0-1: Called Strike
0-2: Ball
1-2: Fly out, F8 (Flyball, 8RM, EV 83.8 MPH)
Bottom of the 9th over - 0 runs, 1 hit, 0 errors, 1 left on base; Quebec City 5 - Bethlehem 4
Friday, March 26th, 2021 - OOTP Baseball 20.8 Build 74